 Dungeon Crawl Stone Soup version 0.18.1-48-g4cf74bf (webtiles) character file.

182 Wotyn the Skirmisher (level 5, 0/47 HPs)
             Began as a Minotaur Fighter on July 31, 2016.
             Slain by a wight
             ... wielding a +1 trident
              (7 damage)
             ... on level 3 of the Dungeon.
             The game lasted 00:05:46 (1209 turns).

Wotyn the Skirmisher (Minotaur Fighter)             Turns: 1209, Time: 00:05:47

Health: 0/47       AC:  7    Str: 25    XL:     5   Next: 35%
Magic:  4/4        EV:  9    Int:  5    God:
Gold:   144        SH:  9    Dex: 11    Spells: 0 memorised, 4 levels left

rFire  . . .     SeeInvis .     a - +1 war axe
rCold  . . .     Gourm    .     b - +0 scale mail
rNeg   . . .     Faith    .     c - +0 shield
rPois  .         Spirit   .     (helmet restricted)
rElec  .         Dismiss  .     (no cloak)
rCorr  .         Reflect  .     (no gloves)
SustAt .         Harm     .     (no boots)
MR     .....                    (no amulet)
Stlth  ..........               (no ring)
                                (no ring)

@: mighty, drained, not resistant to hostile enchantments, extremely unstealthy
A: retaliatory headbutt, horns 2
a: no special abilities


You were on level 3 of the Dungeon.
You were not hungry.

You visited 1 branch of the dungeon, and saw 3 of its levels.

You collected 144 gold pieces.

Inventory:

Hand Weapons
 a - a +1 war axe (weapon)
Armour
 b - a +0 scale mail (worn)
 c - a +0 shield (worn)
Jewellery
 l - an uncursed amulet of the gourmand
Scrolls
 h - 4 scrolls of remove curse
Potions
 d - a potion of might
 g - 2 potions of berserk rage {unknown}
 k - 3 potions of curing {unknown}
 n - 2 potions of agility {unknown}
 o - a potion of ambrosia {unknown}
Comestibles
 f - a bread ration
 i - 3 fruits
 j - a slice of pizza
 m - a beef jerky


   Skills:
 + Level 4.6(4.5) Fighting
 * Level 4.5(4.4) Axes
 + Level 4.1(4.0) Armour
 * Level 2.9 Dodging
 + Level 0.1 Stealth
 - Level 3.6(3.5) Shields


You had 4 spell levels left.
You didn't know any spells.

Dungeon Overview and Level Annotations

Branches:
Dungeon (3/15)

Altars:
Vehumet
Yredelemnul


Innate Abilities, Weirdness & Mutations

You reflexively headbutt those who attack you in melee.
You have a pair of horns on your head.


Message History

Drink which item? (? for menu, Esc to quit)
You feel very mighty all of a sudden. The wight hits you but does no damage.
The wight hits you with an enchanted flail.
You closely miss the wight.
The wight is heavily damaged.
The wight hits you from afar with an enchanted trident.
* * * LOW HITPOINT WARNING * * *
You feel drained.
* * * LOW HITPOINT WARNING * * *
You block the wight's attack.
Your shield prevents you from hitting the wight.
The wight is heavily damaged.
You block the wight's attack.
The wight hits you with an enchanted flail.
* * * LOW HITPOINT WARNING * * *
You slash the wight!
You destroy the wight!
The wight hits you from afar with an enchanted trident!
You die...

#.##.###.#
.......#.#
.....#.#.#####
<..#.........#
#.##########.#####
#.# #.....# #.#
#.###.# #+# #.#
#.# #.. #@# #.#
#)# ##..#.#z#
#......z#
........)......
#...#.###...zz.
##. #. .###.. # #.
# #


You could see 2 wights.

Vanquished Creatures
  2 wights (D:3)
  3 adders (D:2)
  3 worms (D:2)
  4 dart slugs
  2 giant geckos (D:2)
  4 orcs (D:3)
  8 bats
  7 giant cockroaches
  4 goblins (D:2)
  6 hobgoblins
  7 kobolds
  2 rats
52 creatures vanquished.

Notes
Turn   | Place    | Note
--------------------------------------------------------------
     0 | D:1      | Wotyn the Minotaur Fighter began the quest for the Orb.
     0 | D:1      | Reached XP level 1. HP: 19/19 MP: 0/0
   175 | D:1      | Reached XP level 2. HP: 24/27 MP: 1/1
   199 | D:1      | Reached skill level 1 in Dodging
   636 | D:2      | Reached XP level 3. HP: 27/33 MP: 2/2
   771 | D:2      | Reached XP level 4. HP: 35/40 MP: 3/3
  1156 | D:3      | Found a basalt altar of Yredelemnul.
  1156 | D:3      | Found a radiant altar of Vehumet.
  1202 | D:3      | Reached XP level 5. HP: 40/47 MP: 4/4
  1209 | D:3      | Slain by a wight

Skill      XL: |  1  2  3  4 |
---------------+-------------+-----
Dodging        | 2 |  2.9
Fighting       | 4 |  4.6
Armour         | 4 |  4.1
Axes           | 3 4 |  4.5
Stealth        | |  0.1
Shields        | |  3.6

Action                   |  1- 3 |  4- 6 || total
-------------------------+-------+-------++-------
Melee: War axe           |   100 |    50 ||   150
       Headbutt          |    18 |    11 ||    29
  Use: Scroll            |     2 |     4 ||     6
       Potion            |       |     1 ||     1
  Eat: Bread ration      |       |     1 ||     1
Armor: Scale mail        |    39 |    17 ||    56
Dodge: Dodged            |    38 |    15 ||    53
Block: Shield            |    51 |    25 ||    76
